 Dungeon Crawl Stone Soup version 0.25-a0-1133-g93ebf739aa (webtiles) character file.

Game seed: 10830366166714511529, levelgen mode: deterministic

15594 xccam the Basher (level 12, -2/75 HPs)
             Began as a Gargoyle Gladiator on May 22, 2020.
             Was a High Priest of Makhleb.
             Slain by Rupert
             ... wielding a +2 executioner's axe of flaming
              (24 damage)
             ... on level 12 of the Dungeon.
             The game lasted 00:20:39 (10559 turns).

xccam the Basher (Gargoyle Gladiator)              Turns: 10559, Time: 00:20:39

Health: -2/75      AC: 27    Str: 31    XL:     12   Next: 28%
Magic:  12/12      EV: 12    Int: 10    God:    Makhleb [*****.]
Gold:   690        SH:  5    Dex: 12    Spells: 11/11 levels left

rFire    + . .     SeeInvis .   F - +1 morningstar (flame)
rCold    . . .     Gourm    .   (no shield)
rNeg     + . .     Faith    .   g - +0 chain mail
rPois    ∞         Spirit   .   y - +0 helmet
rElec    +         Reflect  +   t - +2 cloak
rCorr    .         Harm     .   (no gloves)
MR       .....                  H - +2 pair of boots of Death Resistance {Str+4}
Stlth    ..........             p - amulet of reflection
HPRegen  0.22/turn              l - +6 ring of strength
MPRegen  0.13/turn              o - ring of protection from fire

@: no status effects
A: negative energy resistance 1, electricity resistance, unbreathing,
petrification resistance, rot immunity, AC +8
a: Minor Destruction, Lesser Servant of Makhleb, Major Destruction, Greater
Servant of Makhleb, Renounce Religion


You were on level 12 of the Dungeon.
You worshipped Makhleb.
Makhleb was extremely pleased with you.
You were not hungry.

You visited 1 branch of the dungeon, and saw 12 of its levels.

You collected 690 gold pieces.

Inventory:

Hand Weapons
 F - a +1 morningstar of flaming (weapon)
Missiles
 d - 7 throwing nets (quivered)
Armour
 a - +0 acid dragon scales
 c - a +0 helmet
 g - a +0 chain mail (worn)
 r - a +0 ring mail
 t - a +2 cloak (worn)
 y - a +0 helmet (worn)
 H - the +2 pair of boots of Death Resistance (worn) {Str+4}
   (You found it on level 11 of the Dungeon)

   It affects your strength (+4).
Jewellery
 l - a +6 ring of strength (left hand)
 o - a ring of protection from fire (right hand)
 p - an amulet of reflection (around neck)
 D - an uncursed ring of wizardry
Wands
 u - a wand of flame (12)
 G - a wand of enslavement (5)
Scrolls
 h - 3 scrolls of fog
 n - 9 scrolls of remove curse
 q - 2 scrolls of enchant armour {unknown}
 s - 2 scrolls of teleportation
 v - a scroll of fear {unknown}
 w - a scroll of magic mapping {unknown}
 x - 4 scrolls of enchant weapon {unknown}
 B - a scroll of amnesia {unknown}
 E - a scroll of immolation {unknown}
 J - a scroll of vulnerability {unknown}
 K - a scroll of random uselessness {unknown}
 L - a scroll of noise {unknown}
Potions
 b - a potion of berserk rage
 e - a potion of ambrosia {unknown}
 i - 3 potions of might
 j - 2 potions of heal wounds
 k - 3 potions of curing
 m - a potion of lignification {unknown}
 z - 2 potions of stabbing
 A - a potion of magic {unknown}
 I - a potion of invisibility {unknown}
Comestibles
 f - 27 rations
 C - a chunk of flesh


   Skills:
 + Level 8.6 Fighting
 + Level 14.5 Maces & Flails
 - Level 1.7 Throwing
 + Level 8.2 Armour
 + Level 6.7 Dodging


You had 11 spell levels left.
You didn't know any spells.
Your spell library contained the following spells:

 Spells                   Type           Power        Failure   Level  Hunger
 Foxfire                  Conj/Fire      #...         83%         1    ##.....
 Magic Dart               Conj           #...         83%         1    ##.....
 Searing Ray              Conj           #.....       93%         2    ###....
 Confusing Touch          Hex            #.......     99%         3    ####...
 Conjure Flame            Conj/Fire      #.......     99%         3    ####...
 Dazzling Flash           Conj/Hex       #.....       99%         3    ####...
 Gell's Gravitas          Tloc           #.........   99%         3    ####...
 Inner Flame              Hex/Fire       #.......     99%         3    ####...
 Fulminant Prism          Conj/Hex       #.........   100%        4    #####..
 Iskenderun's Mystic Bla  Conj/Tloc      #.......     100%        4    #####..
 Petrify                  Tmut/Erth      #.......     100%        4    #####..
 Sticky Flame             Conj/Fire      #.......     100%        4    #####..
 Fireball                 Conj/Fire      #.........   100%        5    ######.
 Metabolic Englaciation   Hex/Ice        #.........   100%        5    ######.
 Yara's Violent Unravell  Hex/Tmut       #.........   100%        5    ######.


Dungeon Overview and Level Annotations

Branches:
Dungeon (12/15)            Temple (0/1) D:6            Lair (0/6) D:9
    Orc (0/2) D:10

Altars:
Gozag
Makhleb
Nemelex Xobeh
Trog
Vehumet
Xom
The Shining One

Shops:
D:4 [   D:6 }   D:10 }

Portals:
Trove: D:10 (give 7 potions of stabbing)

Annotations:
D:12 Rupert


Innate Abilities, Weirdness & Mutations

You are resistant to torment.
Your stone body is resilient. (AC +8)
You are immune to poison.
You resist negative energy. (rN+)
You are resistant to electric shocks. (rElec)
You can survive without breathing.
You are immune to petrification.
You are immune to rotting.


Message History

Rupert hits you but does no damage.
You impale Rupert!! You burn Rupert.
Rupert is moderately wounded.
Rupert hits you with a +2 executioner's axe of flaming!!
Rupert burns you.
* * * LOW HITPOINT WARNING * * *
You feel much better. Rupert barely misses you.
A demon appears!
It doesn't seem very happy.
Rupert hits you with a +2 executioner's axe of flaming!
Rupert burns you.
Unknown command.
The ynoxinul completely misses you.
Unknown command.
You block the ynoxinul's attack.
Unknown command.
A demon appears!
It doesn't seem very happy.
Rupert hits you with a +2 executioner's axe of flaming!!
You die...

...# #(.......@.. ...#
#........... ...#
#..h........ ####
#...a....... ###
#........... ..# #'####
#.####### #Zh..##
......#.# ####@3#
#.###.#.########@######
..#...#...##..........#
###.###.#..#....3.....#
....#...##.#..........#
#####.#.##....†.......#
.>.#.####........>.#
#####.# #..........#
#.....# #....<>....#
###.##### ######.#####


You could see Rupert (berserk), a neqoxec (summoned), a ynoxinul (summoned) and
a hound.

Vanquished Creatures
  Harold (D:9)
  2 two-headed ogres (D:9)
  2 unseen horrors (D:11)
  3 ugly things
  A deep elf mage (D:12)
  A cyclops (D:11)
  A centaur zombie (D:12)
  Maggie (D:8)
  3 trolls
  Grinder (D:5)
  A hippogriff (D:7)
  A wyvern (D:12)
  12 yaks
  A shadow (D:12)
  A steam dragon (D:10)
  2 wargs (D:10)
  Duvessa (D:4)
  A soldier ant (D:10)
  7 orc warriors
  2 porcupines (D:9)
  2 sky beasts
  An ice beast (D:11)
  2 phantoms
  3 ogres
  3 necrophages
  5 centaurs
  A big kobold (D:7)
  9 bullfrogs
  Dowan (D:4)
  3 scorpions
  11 wights
  7 killer bees
  8 howler monkeys
  6 crimson imps
  A bullfrog zombie (D:12)
  2 quasits
  6 jellies
  3 centaur skeletons
  7 orc priests
  3 bullfrog skeletons
  8 hounds
  Natasha (thrice) (D:2)
  11 orc wizards
  12 worker ants
  3 hound zombies
  A hound skeleton (D:5)
  A worker ant zombie (D:5)
  4 gnolls
  13 adders
  A worm (D:5)
  A dart slug (D:3)
  6 leopard geckos
  29 orcs
  5 giant cockroaches
  13 goblins
  6 hobgoblins
  3 jackals (D:3)
  3 quokkas
  A ball python (D:6)
  6 bats
  4 frilled lizards
  18 kobolds
  A leopard gecko zombie (D:5)
  A quokka skeleton (D:4)
  A quokka zombie (D:9)
  9 rats
293 creatures vanquished.

Vanquished Creatures (collateral kills)
  An orc priest (D:8)
  An orc (D:8)
2 creatures vanquished.

Vanquished Creatures (others)
  4 fungi (D:9)
  3 plants (D:9)
7 creatures vanquished.

Grand Total: 302 creatures vanquished

Notes
Turn   | Place    | Note
-------+----------+-------------------------------------------
     0 | D:1      | xccam the Gargoyle Gladiator began the quest for the Orb.
     0 | D:1      | Reached XP level 1. HP: 12/12 MP: 1/1
   335 | D:1      | Reached XP level 2. HP: 17/17 MP: 2/2
   762 | D:1      | Reached skill level 4 in Maces & Flails
   946 | D:1      | Reached XP level 3. HP: 19/21 MP: 3/3
  1127 | D:2      | Found a radiant altar of Vehumet.
  1140 | D:2      | You fall into a shaft and drop 1 floor!
  1184 | D:2      | Found a faded altar of an unknown god.
  1223 | D:2      | Became a worshipper of Makhleb the Destroyer
  1223 | D:2      | Reached * piety under Makhleb
  1406 | D:2      | Noticed a necrophage
  1416 | D:2      | Killed a necrophage
  1416 | D:2      | Reached skill level 5 in Maces & Flails
  1416 | D:2      | Reached XP level 4. HP: 17/26 MP: 4/4
  1416 | D:2      | Reached XP level 5. HP: 20/30 MP: 5/5
  1581 | D:2      | Noticed Natasha
  1589 | D:2      | Killed Natasha
  1702 | D:2      | Noticed Natasha
  1709 | D:2      | Killed Natasha
  1709 | D:2      | Reached skill level 6 in Maces & Flails
  1730 | D:2      | Noticed Natasha
  1735 | D:2      | Killed Natasha
  2057 | D:3      | Reached XP level 6. HP: 23/35 MP: 6/6
  2062 | D:3      | Reached ** piety under Makhleb
  2385 | D:3      | Reached skill level 7 in Maces & Flails
  2871 | D:4      | Found an opulent altar of Gozag.
  2872 | D:4      | Found a shimmering altar of Xom.
  2876 | D:4      | Noticed Dowan
  2878 | D:4      | Noticed Duvessa
  2882 | D:4      | Found Ycyathye's Armour Shoppe.
  2895 | D:4      | Killed Duvessa
  2895 | D:4      | Reached skill level 1 in Armour
  2898 | D:4      | Killed Dowan
  2898 | D:4      | Reached XP level 7. HP: 36/40 MP: 7/7
  3056 | D:4      | Got a warped leather armour
  3067 | D:4      | Identified the +1 leather armour "Fena" {MR- Int+9 Dex+3}
                  | (You found it on level 4 of the Dungeon)
  3416 | D:5      | Entered Level 5 of the Dungeon
  3837 | D:5      | Reached XP level 8. HP: 48/48 MP: 8/8
  3858 | D:5      | Noticed Grinder
  3879 | D:5      | Paralysed by Grinder for 6 turns
  3886 | D:5      | Killed Grinder
  3941 | D:5      | Found a bloodstained altar of Trog.
  4245 | D:6      | Found a staircase to the Ecumenical Temple.
  4278 | D:6      | Reached skill level 8 in Maces & Flails
  4319 | D:6      | Reached *** piety under Makhleb
  4563 | D:6      | Found Mezoih's Gadget Shoppe.
  4804 | D:7      | Reached skill level 5 in Fighting
  5000 | D:7      | Reached XP level 9. HP: 54/54 MP: 9/9
  5029 | D:7      | Reached skill level 5 in Armour
  5236 | D:7      | Found a glowing golden altar of the Shining One.
  5343 | D:7      | Reached skill level 5 in Dodging
  5844 | D:8      | Reached skill level 9 in Maces & Flails
  6647 | D:8      | Noticed Maggie
  6656 | D:8      | Noticed an orange demon
  6673 | D:8      | Killed Maggie
  6673 | D:8      | Reached XP level 10. HP: 27/63 MP: 10/10
  7138 | D:9      | Noticed a two-headed ogre
  7141 | D:9      | Noticed a smoke demon
  7158 | D:9      | HP: 1/63 [smoke demon/divine providence[the player
                  | character] (8)]
  7471 | D:9      | Noticed a two-headed ogre
  7482 | D:9      | Killed a two-headed ogre
  7482 | D:9      | Reached skill level 10 in Maces & Flails
  7791 | D:9      | Found a staircase to the Lair.
  7792 | D:9      | Reached skill level 11 in Maces & Flails
  7837 | D:9      | Found a sparkling altar of Nemelex Xobeh.
  8298 | D:9      | Killed a two-headed ogre
  8298 | D:9      | Reached skill level 12 in Maces & Flails
  8308 | D:9      | Noticed Harold
  8323 | D:9      | Killed Harold
  8323 | D:9      | Reached XP level 11. HP: 53/67 MP: 11/11
  8489 | D:10     | Entered Level 10 of the Dungeon
  8498 | D:10     | Found Pini's Gadget Shop.
  8581 | D:10     | Reached **** piety under Makhleb
  8601 | D:10     | Reached skill level 13 in Maces & Flails
  8661 | D:10     | Found a staircase to the Orcish Mines.
  9066 | D:10     | Reached skill level 14 in Maces & Flails
  9279 | D:10     | Found a portal to a secret trove of treasure.
  9495 | D:10     | Noticed a red ugly thing
  9510 | D:10     | Killed a red ugly thing
  9727 | D:11     | Noticed a cyclops
  9745 | D:11     | Killed a cyclops
  9836 | D:11     | Reached ***** piety under Makhleb
  9877 | D:11     | Killed an unseen horror
  9924 | D:11     | Reached XP level 12. HP: 73/73 MP: 12/12
  9961 | D:11     | Got a pair of ichor-stained boots
  9967 | D:11     | Identified the +2 pair of boots of Death Resistance {Str+4}
                  | (You found it on level 11 of the Dungeon)
 10486 | D:12     | Noticed an ogre mage
 10490 | D:12     | Identified the +4 flail "Wablat" {flame, Fragile +Blink
                  | Str+3}
 10541 | D:12     | Noticed Rupert
 10559 | D:12     | Slain by Rupert

Illustrated notes

Levels and vault maps discovered:
D:1:      dpeg_arrival_orchard, layout_basic
D:2:      layout_rooms, vehumet_crystals, chequers_ecumenical_altar_simple,
          first_ration, uniq_natasha
D:3:      layout_loops_corners
D:4:      layout_rooms, overflow_temple_1_default, lemuel_doored_altar,
          serial_shops, shop, serial_bayou, serial_bayou_ford_a,
          serial_bayou_pond_e, serial_bayou_pond_e, serial_bayou_pond_b,
          abandoned_shop, uniq_duvessa
D:5:      minmay_angry_zag, layout_basic, overflow_temple_1_default,
          minmay_misc_feat_tiny, uniq_grinder
D:6:      layout_basic, minmay_temple_entry_butterflies, serial_shops,
          kennysheep_mini, chequers_serial_rivers_micro_e
D:7:      layout_basic, tso_oasis_becter, grunt_ogre_cave
D:8:      layout_basic, uniq_maggie
D:9:      layout_gridville, lemuel_coloured_pillars_altar,
          grunt_lair_entry_orc_guard_hut, uniq_harold
D:10:     layout_basic, erik_orc_3, serial_shops, shop, enter_trove_1,
          minmay_fractal_squares_gapless_5
D:11:     layout_roguey, chequers_serial_rivers_room_a
D:12:     layout_roguey, minivault_12, uniq_rupert

Skill      XL: |  1  2  3  4  5  6  7  8  9 10 11 12 |
---------------+-------------------------------------+-----
Maces & Flails | 4 5 6 7 8 9 12 14 | 14.5
Armour         | 1 3 4 6 7 8 |  8.2
Fighting       | 3 5 7 8 |  8.6
Dodging        | 3 4 5 6 |  6.7
Throwing       | |  1.7

Action                   |  1- 3 |  4- 6 |  7- 9 | 10-12 || total
-------------------------+-------+-------+-------+-------++-------
Melee: Flail             |   124 |   134 |   454 |       ||   712
       Morningstar       |       |       |       |   528 ||   528
Invok: Minor Destruction |       |     1 |     2 |     2 ||     5
       Lesser Servant of |       |       |     3 |     6 ||     9
Evoke: Wand              |       |       |     1 |     8 ||     9
  Use: Scroll            |       |     3 |     4 |     5 ||    12
       Potion            |       |     1 |     1 |     2 ||     4
 Stab: Distracted        |       |       |     1 |       ||     1
  Eat: Chunk             |     2 |     5 |    12 |    13 ||    32
Armor: Leather armour    |    74 |    16 |       |       ||    90
       Ring mail         |       |    48 |    23 |       ||    71
       Chain mail        |       |       |   236 |   250 ||   486
Dodge: Dodged            |    94 |    87 |   229 |   193 ||   603
Block: Other             |       |     8 |   129 |    85 ||   222
       Reflection        |       |       |     2 |     4 ||     6

Table legend:
 A = Non-vault XP
 B = Vault XP
 C = Vault XP percentage of total XP
 D = Non-vault monster count
 E = Vault monster count
 F = Vault count percentage of total count
                 A         B        C        D         E       F
            +---------+---------+-------+---------+---------+-------
      Total |   18731 |    3547 |  15.9 |     256 |      39 |  13.2
            +---------+---------+-------+---------+---------+-------
        D:1 |      35 |       0 |   0.0 |      23 |       0 |   0.0
        D:2 |     217 |      35 |  13.9 |      17 |       1 |   5.6
        D:3 |     164 |       0 |   0.0 |      27 |       0 |   0.0
        D:4 |     397 |     182 |  31.4 |      13 |       2 |  13.3
        D:5 |     209 |     313 |  60.0 |       8 |       4 |  33.3
        D:6 |     292 |       0 |   0.0 |       8 |       0 |   0.0
        D:7 |    1649 |     122 |   6.9 |      30 |       1 |   3.2
        D:8 |     769 |     287 |  27.2 |      19 |       1 |   5.0
        D:9 |    3119 |    1628 |  34.3 |      25 |       5 |  16.7
       D:10 |    5151 |     980 |  16.0 |      41 |      25 |  37.9
       D:11 |    4292 |       0 |   0.0 |      30 |       0 |   0.0
       D:12 |    2437 |       0 |   0.0 |      15 |       0 |   0.0
            +---------+---------+-------+---------+---------+-------
